Map: Acropolis LE

Players

zuka - Winner!

  • Race: Protoss Protoss
  • League: Master
  • Spawn Location: 5:00

Weltall

  • Race: Protoss Protoss
  • League: Master
  • Spawn Location: 11:00

VOD

Have the link to the VOD?

Description

Time

  • Played on: July 26, 2019, 1:52 p.m.
  • Length: 6:12
Show
View Real Time Build Order
Export as new Build Order

zuka Protoss - Winner!

Build Orders: Nexus First, Proxy Void Ray 

Get SALT Encoding   

  12  0:01  Probe  
  13  0:13  Probe  
  14  0:20  Pylon  
  14  0:23  Probe  
  15  0:34  Probe  
  16  0:44  Probe  
  17  0:58  Nexus  
  17  1:09  Gateway  
  17  1:12  Probe  
  18  1:21  Assimilator  
  18  1:24  Probe  
  19  1:32  Forge  
  19  1:37  Probe  
  20  1:41  Assimilator  
  20  1:49  Probe  
  21  1:57  Cybernetics Core  
  21  2:01  Probe  
  22  2:11  Photon Cannon  
  22  2:12  Probe  
  22  2:14  Probe  
  24  2:20  Probe  
  24  2:26  Probe  
  24  2:28  Probe  
  26  2:34  Stargate  
  27  2:38  Probe  
  28  2:45  Shield Battery  
  28  2:48  Probe  
  28  2:50  Assimilator  
  29  2:52  Probe  
  30  3:00  Stargate  
  30  3:01  Probe  
  30  3:05  Void Ray  
  32  3:08  Pylon  
  35  3:22  Probe  
  35  3:26  Pylon  
  36  3:33  Void Ray  
  36  3:34  Probe  
  41  3:53  Shield Battery  
  41  3:57  Void Ray  
  45  4:10  Shield Battery  
  45  4:11  Void Ray  
  45  4:14  Shield Battery  
  49  4:31  Pylon  
  49  4:41  Void Ray  
  49  4:45  Pylon  
  53  4:53  Shield Battery  
  53  4:54  Shield Battery  
  53  4:58  Void Ray  
  53  5:03  Pylon  
  57  5:15  Void Ray  
  57  5:47  Gateway  
  57  5:48  Gateway  
Show
View Real Time Build Order
Export as new Build Order

Weltall Protoss 

Build Orders:  

Get SALT Encoding   

  12  0:00  Probe  
  13  0:12  Probe  
  14  0:18  Pylon  
  14  0:25  Probe  
  15  0:37  Probe  
  15  0:40  Gateway  
  16  0:46  Probe  
  17  0:51  Assimilator  
  17  0:54  Probe  
  17  1:03  Probe  
  19  1:11  Probe  
  19  1:13  Gateway  
  20  1:19  Assimilator, Probe  
  21  1:29  Probe  
  22  1:41  Probe  
  22  1:45  Cybernetics Core  
  22  1:46  Pylon  
  22  2:11  Probe  
  22  2:15  Warp Gate  
  23  2:21  Robotics Facility  
  23  2:24  Stalker x2  
  27  2:30  Pylon  
  27  2:49  Pylon  
  27  2:54  Stalker x2  
  31  3:00  Warp Prism  
  31  3:12  Gateway  
  33  3:22  Gateway  
  33  3:35  Shield Battery  
  33  3:38  Shield Battery  
  33  3:43  Shield Battery  
  33  4:09  Stalker x3  
  39  4:34  Stalker x3  
  39  4:56  Stalker  
  39  4:58  Stalker x2  
  45  5:03  Stalker  
  41  5:25  Stalker  
  41  5:26  Stalker x2  
  47  5:39  Shield Battery  
  47  5:57  Pylon  
Tags
 
Matchup
PvP
Spawn Locations
Cross Positions
Add a new tag
Caveats
  • Supply blocks, unpowered buildings, or Contaminate may cause inaccurate times.
  • Supply counts are checked every 10 seconds.